 Dungeon Crawl Stone Soup version 0.24-a0-312-g16217b4 (webtiles) character file.

Game seed: 3159406563384615374

33 MisterFreud the Changer (level 3, 0/23 HPs)
             Began as an Octopode Transmuter on May 15, 2019.
             Slain by an adder (1 damage)
             ... on level 2 of the Dungeon.
             The game lasted 00:02:03 (726 turns).

MisterFreud the Changer (Octopode Transmuter)        Turns: 726, Time: 00:02:04

Health: 0/23       AC:  1    Str:  6 (9)  XL:     3   Next: 29%
Magic:  6/6        EV: 13    Int: 13 (16) God:
Gold:   37         SH:  0    Dex: 11 (12) Spells: 0/6 levels left

rFire    . . .     SeeInvis .     - Unarmed
rCold    + . .     Gourm    .   (no shield)
rNeg     . . .     Faith    .   (helmet restricted)
rPois    .         Spirit   .   (no amulet)
rElec    .         Reflect  .   h - ring of protection from cold
rCorr    .         Harm     .   (no ring)
MR       .....                  (no ring)
Stlth    +++.......             (no ring)
HPRegen  0.07/turn              (no ring)
MPRegen  0.10/turn              (no ring)
                                (no ring)
                                (no ring)

@: appendage (expiring)
A: almost no armour, stealthy swim, amphibious, 8 rings, constrict 8, tentacle
spike 3, camouflage 1, gelatinous body 1
a: End Transformation


You were on level 2 of the Dungeon.
You were not hungry.
One of your tentacles had a temporary spike.
You visited 1 branch of the dungeon, and saw 2 of its levels.

You collected 37 gold pieces.

Inventory:

Missiles
 a - 12 arrows
 f - 2 boomerangs (quivered)
 i - 54 stones
Jewellery
 h - a ring of protection from cold (left tentacle)
Scrolls
 b - a scroll of teleportation {unknown}
 e - 2 scrolls of identify {unknown}
 j - 2 scrolls of remove curse {unknown}
Comestibles
 c - 3 rations
 d - a chunk of flesh


   Skills:
 - Level 1.0 Fighting
 - Level 2.0 Dodging
 - Level 3.0 Unarmed Combat
 + Level 2.4 Spellcasting
 * Level 3.2 Transmutations


You couldn't memorise any spells.
You knew the following spells:

 Your Spells              Type           Power        Failure   Level  Hunger
a - Beastly Appendage     Tmut           ##....       6%          1    #......
b - Sticks to Snakes      Tmut           ##......     10%         2    ###....
c - Spider Form           Tmut/Pois      #.........   36%         3    ###....

Your spell library contained the following spells:

 Spells                   Type           Power        Failure   Level  Hunger
 Ice Form                 Ice/Tmut       #.......     77%         4    #####..
 Blade Hands              Tmut           ##........   87%         5    ######.


Dungeon Overview and Level Annotations

Branches:
Dungeon (2/15)

Altars:


Innate Abilities, Weirdness & Mutations

You cannot wear most types of armour.
You are very stealthy in the water. (Stealth+)
You are amphibious.
You can wear up to eight rings at the same time.
You can use your tentacles to constrict eight enemies at once.
Your skin changes colour to match your surroundings (Stealth+).
Your rubbery body absorbs attacks. (AC +1, EV +1)
One of your tentacles bears a large vicious spike.


Message History

The jackal closely misses you. The adder closely misses you.
The jackal closely misses you. The jackal bites you.
The adder closely misses you.
You barely miss the adder. You grab the adder.
You pierce the adder.
The adder is moderately wounded.
You constrict the adder. The adder bites you.
* * * LOW HITPOINT WARNING * * *
You barely miss the adder.
The adder is moderately wounded.
You constrict the adder. The adder bites you.
* * * LOW HITPOINT WARNING * * *
The jackal bites you.
* * * LOW HITPOINT WARNING * * *
The adder misses you.
It was a potion of degeneration.
There was something very wrong with that liquid.
You feel weakened.
You feel dopey.
You feel clumsy.
You constrict the adder. The jackal barely misses you. The adder bites you.
You die...

#.≈♣
#≈≈♣♣♣≈.≈♣♣♣≈
#≈≈≈≈≈≈≈≈≈≈≈≈
##..≈ .≈..≈..
#..≈≈ ≈≈.≈≈≈
#.≈≈♣ ♣≈≈≈♣ #..≈♣
♣≈.≈♣ ≈.
#.h@♣♣♣≈≈≈♣♣♣≈.
#.h≈S≈≈≈.≈≈≈≈≈≈
#..≈....≈..≈..≈
#.≈≈≈≈≈≈.≈≈≈≈≈≈
#..≈♣♣♣≈≈≈♣♣♣≈≈
#.≈≈♣ ♣≈.≈♣ ≈
#..≈♣♣♣≈≈≈♣♣♣≈
#.≈≈≈≈≈≈≈≈≈≈≈≈.≈
#.≈.....≈..≈≈≈≈.≈


You could see an adder and 2 jackals.

Vanquished Creatures
  2 bats (D:1)
  3 giant cockroaches (D:1)
  4 goblins (D:1)
  4 hobgoblins
  4 jackals
  3 frilled lizards (D:1)
  7 kobolds
  2 rats (D:1)
29 creatures vanquished.

Notes
Turn   | Place    | Note
-------+----------+-------------------------------------------
     0 | D:1      | MisterFreud the Octopode Transmuter began the quest for the
                  | Orb.
     0 | D:1      | Reached XP level 1. HP: 13/13 MP: 3/3
    31 | D:1      | Reached XP level 2. HP: 18/18 MP: 3/5
   339 | D:1      | Reached XP level 3. HP: 23/23 MP: 6/6
   436 | D:1      | Learned a level 2 spell: Sticks to Snakes
   440 | D:1      | Learned a level 3 spell: Spider Form
   725 | D:2      | HP: 1/23 [jackal (1)]
   726 | D:2      | Slain by an adder

Levels and vault maps discovered:
D:1:      matt_arrival_diagonals, layout_rooms
D:2:      layout_loops_cross, lemuel_coloured_pillars_altar, serial_glass,
          glass_columns_b, glass_columns_b, glass_columns_b, glass_columns_c,
          glass_columns_a, glass_columns_c, kennysheep_boxes

Skill      XL: |  1  2 |
---------------+-------+-----
Transmutations | 3 |  3.2
Fighting       | |  1.0
Dodging        | |  2.0
Unarmed Combat | |  3.0
Spellcasting   | |  2.4

Action                   || total
-------------------------++-------
Melee: Unarmed           ||    65
       Constrict         ||    21
       Tentacles         ||    10
       Kick              ||     7
       Punch             ||     2
 Cast: Beastly Appendage ||     6
  Use: Potion            ||     1
 Stab: Distracted        ||     1
       Sleeping          ||     4
Armor: Skin              ||    10
Dodge: Dodged            ||    48

Table legend:
 A = Non-vault XP
 B = Vault XP
 C = Vault XP percentage of total XP
 D = Non-vault monster count
 E = Vault monster count
 F = Vault count percentage of total count
                 A         B        C        D         E       F
            +---------+---------+-------+---------+---------+-------
      Total |      48 |       0 |   0.0 |      29 |       0 |   0.0
            +---------+---------+-------+---------+---------+-------
        D:1 |      42 |       0 |   0.0 |      25 |       0 |   0.0
        D:2 |       6 |       0 |   0.0 |       4 |       0 |   0.0
            +---------+---------+-------+---------+---------+-------
